 Dungeon Crawl Stone Soup version 0.27-a0-1202-ge72e49191c (webtiles) character file.

Game seed: 1570812191529121528

515551 tilp the Worldbinder (level 25, -4/204 HPs)
             Began as a Barachi Summoner on June 4, 2021.
             Was the Champion of Okawaru.
             Slain by a vault warden
             ... wielding a +2 morningstar of protection
              (25 damage)
             ... on level 5 of the Vaults.
             The game lasted 02:53:51 (81650 turns).

tilp the Worldbinder (Barachi Summoner)            Turns: 81650, Time: 02:53:52

Health: -4/204     AC: 30    Str: 23    XL:     25   Next: 69%
Magic:  15/41      EV: 15    Int: 29    God:    Okawaru [******]
Gold:   833        SH:  0    Dex: 15    Spells: 8/52 levels left

rFire    + . .     SeeInvis +   J - +4 demon trident "Ruuponerr" {vamp, Int+7}
rCold    . . .     Faith    .   (no shield)
rNeg     + + .     Spirit   .   W - +7 chain mail of the Spheres {Regen+ Str+4}
rPois    +         Reflect  +   d - +2 helmet
rElec    +         Harm     .   h - +2 cloak
rCorr    .         Rampage  .   C - +0 pair of gloves "Zamon" {*Slow rF+ rN+ Slay+5}
Will     ++...                  M - +2 pair of boots {Fly}
Stlth    ..........             u - amulet of Nepovvyu {Reflect rPois Regen+ SH+5}
HPRegen  2.44/turn              B - ring of Fragile Peace {rElec rN+ Int+6}
MPRegen  0.27/turn              n - +4 ring of slaying

@: confused, about to teleport, ambrosia-drunk, corroded, unable to hop, flying,
slow
A: amphibious, slowness 1, strong legs 2, +LOS, see invisible, strong-willed 1,
passive freeze
}: 2/15 runes: barnacled, gossamer
a: Hop, Renounce Religion, Heroism, Finesse


You were on level 5 of the Vaults.
You worshipped Okawaru.
Okawaru was exalted by your worship.
You visited 10 branches of the dungeon, and saw 48 of its levels.
You also visited: Sewer, Bailey and Gauntlet.

You collected 5948 gold pieces.
You spent 5115 gold pieces at shops.

Inventory:

Hand Weapons
 a - the +11 trident of Romo {vamp, Str+2}
   (You bought it in a shop on level 11 of the Dungeon)

   It inflicts no extra harm, but heals its wielder when it wounds a living foe.
   It affects your strength (+2).
 b - a +9 demon trident of flaming
 q - the +10 halberd "Uwnikki" {holy, Int+4}
   (You found it on level 4 of the Shoals)

   It has been blessed by the Shining One to cause great damage to the undead
   and demons.
   It affects your intelligence (+4).
 J - the +4 demon trident "Ruuponerr" (weapon) {vamp, Int+7}
   (You acquired it on level 2 of the Crypt)

   It inflicts no extra harm, but heals its wielder when it wounds a living foe.
   It affects your intelligence (+7).
Missiles
 e - 11 curare-tipped darts {!f}
 i - 15 throwing nets {!f}
 k - 70 poisoned darts (quivered)
Armour
 d - a +2 helmet (worn)
 h - a +2 cloak (worn)
 C - the +0 pair of gloves "Zamon" (worn) {*Slow rF+ rN+ Slay+5}
   (You found it in a Gauntlet)

   It affects your accuracy and damage with ranged weapons and melee attacks
   (+5).
   It protects you from fire.
   It protects you from negative energy.
   It may slow you when you take damage.
 M - a +2 pair of boots of flying (worn)
 W - the +7 chain mail of the Spheres (worn) {Regen+ Str+4}
   (You bought it in a shop on level 1 of the Shoals)

   It affects your strength (+4).
   It increases your rate of health regeneration.
 X - the +2 shield of Resistance {rF++ rC++ Will++}
   (You bought it in a shop on level 2 of the Elven Halls)

   It greatly protects you from fire.
   It greatly protects you from cold.
   It greatly increases your willpower.
Jewellery
 c - a ring of willpower
 n - a +4 ring of slaying (right hand)
 u - the amulet of Nepovvyu (around neck) {Reflect rPois Regen+ SH+5}
   (You found it on level 1 of the Depths)

   [amulet of reflection]

   It reflects blocked missile attacks.
   It protects you from poison.
   It increases your rate of health regeneration.
   It affects your SH (+5).
 B - the ring of Fragile Peace (left hand) {rElec rN+ Int+6}
   (You bought it in a shop on level 1 of the Elven Halls)

   [ring of intelligence]

   It affects your intelligence (+6).
   It insulates you from electricity.
   It protects you from negative energy.
 R - a ring of resist corrosion
Wands
 m - a wand of digging (24)
 s - a wand of charming (35)
 D - a wand of paralysis (45)
 K - a wand of iceblast (63)
 L - a wand of mindburst (25)
 Q - a wand of acid (18)
Scrolls
 j - 10 scrolls of magic mapping
 l - 10 scrolls of fog
 o - 3 scrolls of holy word
 p - 2 scrolls of teleportation
 y - 6 scrolls of fear
 z - a scroll of summoning
 G - 2 scrolls of silence
 I - 7 scrolls of blinking
Potions
 g - 8 potions of cancellation
 r - 2 potions of berserk rage
 t - 3 potions of magic
 v - 16 potions of curing
 w - 4 potions of resistance
 x - 3 potions of invisibility
 F - 5 potions of brilliance
 H - 3 potions of haste
 N - 16 potions of ambrosia
 S - 6 potions of attraction
 T - 3 potions of heal wounds
 U - 5 potions of lignification
 Y - 5 potions of might
 Z - 5 potions of mutation
Miscellaneous
 f - a phantom mirror
 A - a condenser vane (inert)
 E - a box of beasts
 O - a lightning rod (4/4)
 P - a tin of tremorstones (2/2)
 V - a phial of floods


   Skills:
 + Level 18.3 Fighting
 - Level 16.0 Polearms
 - Level 18.0 Armour
 - Level 15.0 Dodging
 - Level 4.0 Stealth
 - Level 15.0 Shields
 - Level 14.0 Spellcasting
 - Level 6.0 Hexes
 - Level 21.0 Summonings
 - Level 16.0 Translocations
 - Level 6.0 Ice Magic
 - Level 6.0 Air Magic
 - Level 12.0 Invocations
 - Level 8.0 Evocations


You had 8 spell levels left.
You knew the following spells:

 Your Spells              Type           Power      Damage    Failure   Level
a - Apportation           Tloc           100%       N/A       0%          1
b - Lesser Beckoning      Tloc           42%        N/A       1%          3
c - Blink                 Tloc           N/A        N/A       1%          2
d - Malign Gateway        Summ/Tloc      45%        N/A       4%          7
e - Summon Ice Beast      Ice/Summ       78%        N/A       1%          4
f - Summon Lightning Spi  Summ/Air       78%        N/A       1%          4
g - Summon Forest         Summ/Tloc      45%        N/A       1%          5
h - Shadow Creatures      Summ           N/A        N/A       1%          6
i - Summon Mana Viper     Hex/Summ       78%        N/A       1%          5
j - Summon Hydra          Summ           48%        N/A       1%          7

Your spell library contained the following spells:

 Spells                   Type           Power      Damage    Failure   Level
 Summon Small Mammal      Summ           100%       N/A       0%          1
 Call Imp                 Summ           97%        N/A       0%          2
 Call Canine Familiar     Summ           97%        N/A       0%          3
 Corona                   Hex            58%        N/A       1%          1
 Slow                     Hex            53%        N/A       1%          2
 Gell's Gravitas          Tloc           42%        N/A       1%          3
 Portal Projectile        Hex/Tloc       100%       N/A       1%          3
 Summon Guardian Golem    Hex/Summ       78%        N/A       1%          3
 Animate Armour           Summ/Erth      100%       N/A       1%          4
 Passage of Golubria      Tloc           N/A        N/A       1%          4
 Manifold Assault         Tloc           85%        N/A       1%          5
 Confusing Touch          Hex            53%        N/A       2%          3
 Tukima's Dance           Hex            53%        N/A       2%          3
 Iskenderun's Mystic Bla  Conj/Tloc      61%        2d13      3%          4
 Corpse Rot               Necr/Air       N/A        N/A       4%          2
 Poisonous Vapours        Pois/Air       74%        N/A       4%          2
 Static Discharge         Conj/Air       37%        N/A       4%          2
 Airstrike                Air            26%        N/A       8%          4
 Cause Fear               Hex            26%        N/A       8%          4
 Dazzling Flash           Conj/Hex       74%        N/A       9%          3
 Inner Flame              Hex/Fire       37%        N/A       9%          3
 Animate Skeleton         Necr           40%        N/A       10%         1
 Foxfire                  Conj/Fire      80%        2x1d8     10%         1
 Magic Dart               Conj           80%        1d7       10%         1
 Sandblast                Erth           40%        2d10      10%         1
 Sting                    Tmut/Pois      80%        1d7       10%         1
 Mephitic Cloud           Conj/Pois/Air  31%        N/A       12%         3
 Passwall                 Tmut/Erth      16%        N/A       14%         2
 Sublimation of Blood     Necr           10%        N/A       14%         2
 Metabolic Englaciation   Hex/Ice        26%        N/A       22%         5
 Silence                  Hex/Air        26%        N/A       22%         5
 Leda's Liquefaction      Hex/Erth       18%        N/A       26%         4
 Conjure Flame            Conj/Fire      20%        6-21      28%         3
 Ignite Poison            Fire/Tmut/Pois 20%        N/A       28%         3
 Spider Form              Tmut/Pois      10%        N/A       28%         3
 Stone Arrow              Conj/Erth      40%        3d9       28%         3
 Yara's Violent Unravell  Hex/Tmut       18%        3d9       58%         5
 Animate Dead             Necr           10%        N/A       67%         4
 Dispel Undead            Necr           20%        3d11      67%         4
 Petrify                  Tmut/Erth      20%        N/A       67%         4
 Sticky Flame             Conj/Fire      20%        2d4       67%         4
 Invisibility             Hex            53%        N/A       77%         6
 Agony                    Necr           20%        N/A       95%         5
 Alistair's Intoxication  Tmut/Pois      13%        N/A       95%         5
 Bolt of Magma            Conj/Fire/Erth 10%        4d7       95%         5
 Borgnjor's Vile Clutch   Necr/Erth      10%        N/A       95%         5
 Excruciating Wounds      Necr           10%        N/A       95%         5
 Fireball                 Conj/Fire      10%        3d6       95%         5
 Irradiate                Conj/Tmut      10%        3d17      95%         5
 Lee's Rapid Deconstruct  Erth           10%        3d9*      95%         5
 Freezing Cloud           Conj/Ice/Air   21%        6-21      95%         6
 Simulacrum               Ice/Necr       18%        N/A       99%         6
 Blade Hands              Tmut           10%        N/A       100%        6
 Death Channel            Necr           10%        N/A       100%        6
 Iron Shot                Conj/Erth      10%        9d3       100%        6
 Statue Form              Tmut/Erth      13%        N/A       100%        6
 Dragon Form              Tmut           10%        N/A       100%        7
 Orb of Destruction       Conj           10%        9d5       100%        7
 Chain Lightning          Conj/Air       18%        N/A       100%        8
 Discord                  Hex            26%        N/A       100%        8
 Lehudib's Crystal Spear  Conj/Erth      10%        10d4      100%        8
 Absolute Zero            Ice            26%        ∞         100%        9
 Fire Storm               Conj/Fire      10%        8d3       100%        9
 Shatter                  Erth           10%        3d11*     100%        9


Dungeon Overview and Level Annotations

Branches:
Dungeon (15/15)            Temple (1/1) D:7            Lair (6/6) D:8
 Shoals (4/4) Lair:4       Spider (4/4) Lair:4        Slime (0/5) Lair:5
    Orc (2/2) D:10            Elf (3/3) Orc:2        Vaults (5/5) D:13
  Crypt (3/3) Vaults:3       Tomb (0/3) Crypt:3      Depths (5/5) D:15
    Zot (0/5) Depths:5      Sewer (visited)          Bailey (visited)
Gauntlet (visited)

Altars:
Ashenzari
Cheibriados
Dithmenos
Elyvilon
Fedhas
Gozag
Hepliaklqana
Kikubaaqudgha
Nemelex Xobeh
Okawaru
Qazlal
Ru
Sif Muna
Trog
Uskayaw
Vehumet
Wu Jian
Xom
Yredelemnul
The Shining One
Beogh
Lugonu

Shops:
D:9 [!*   D:11 (   Orc:2 *[((:*   Elf:1 *[[=!   Elf:2 *?[!   Shoals:1 [
Shoals:3 *   Shoals:4 =   Depths:4 (   Depths:5 =[

Portals:
Hell: Depths:1 Depths:2 Depths:3 Depths:4 Depths:5
Abyss: Lair:5 Depths:1 Depths:4
Pandemonium: Depths:3 Depths:5
Ziggurat: Depths:5

Annotations:
Elf:2 5 runed translucent doors


Innate Abilities, Weirdness & Mutations

You are amphibious.
You cover ground slowly.
You can hop long distances.
You have an extended range of vision and can be seen from far away.
You have supernaturally acute eyesight. (SInv)
You are strong-willed. (Will+)
A frigid envelope surrounds you and freezes all who hurt you.


Message History

A vault warden comes into view.
It is wielding a +2 morningstar of protection.
Your ettin hits the ancient lich with a +5 dire flail.
Your ettin hits the ancient lich with a +0 dire flail!
Unknown command.
Okay, then.
As you read the scroll of teleportation, it crumbles to dust.
You feel strangely unstable.
Unknown command.
Unknown command.
You are confused.
You feel invigorated.
The lindwurm changes into an elephant!
The iron dragon breathes metal splinters at you.
The spray of metal splinters misses you.
The shadow dragon breathes negative energy at you.
The bolt of negative energy hits your ettin!!
Your ettin is drained!
Your ettin dies!
Your ettin's corpse dissolves into shadows!
The bolt of negative energy misses you.
The ancient lich is empowered by the deep elf high priest's aura!
The deep elf high priest hits you but does no damage.
The deep elf high priest is very cold.
The deep elf high priest is lightly wounded.
Unknown command.
You puncture the ancient lich!
The ancient lich is moderately damaged.
The elephant changes into a swamp dragon!
The deep elf high priest hits you but does no damage.
The deep elf high priest is very cold.
The deep elf high priest is moderately wounded.
The ancient lich gestures at you while chanting.
The bolt of acid hits you!!!
* * * LOW HITPOINT WARNING * * *
You are splashed with acid!
* * * LOW HITPOINT WARNING * * *
Unknown command.
You puncture the ancient lich!
The ancient lich is moderately damaged.
The vault warden hits you with a +2 morningstar of protection!!
You die...

**,,,**#.|#* *,,,***,,*,,*
*,,,**##.)D##**,,,**,,,*,,*
,,,,,,,})...:,,,,,,,,,,*,,*
*,,,****#...###,,,**,,,*,,*
**,,,** *#}[Z}##,,,**,,*,,*
***,,,** *#°...##,,,*,,*,,*
,***,,,** ##.DD=##,,,,,*,,*
,,***,,,** ###[..##,,,,*,,*
,,,***,,,** *#L@.#*,,,*,,*
*,,,***,,,** #pe.#**,,*,,*
**,,,***,,,***#...#**,,*,,*
,,,,,,,,,,,,,,......,,,*,,*
,,,,,,,,,,,,,........,,,,,*
************#########*,,,,*
,,,,,,,,,,,,,,,,,,,,,,,,,,*
,,,,,,,,,,,,,,,,,,,,,,,,,,*
***************************


You could see a shadow dragon (catching breath), an iron dragon (catching
breath), an ancient lich (empowered, invisible), a vault warden (empowered), a
swamp dragon shaped shifter, a deep elf high priest (brilliance aura) and an
ironbound convoker skeleton.

Vanquished Creatures
  Boris (Crypt:3)
  Margery (Vaults:2)
  3 caustic shrikes (Depths:5)
  2 golden dragons
  3 bone dragons
  the Enchantress (Depths:2)
  Jorgrun (D:13)
  The ghost of Joofib the Warrior, an adept DjVM of Yredelemnul (Elf:2)
  4 liches
  A deep elf blademaster (Elf:3)
  A deep elf master archer (Elf:3)
  8 ancient champions
  8 sphinxes
  3 tengu reavers
  3 revenants
  A shadow dragon (Depths:4)
  A storm dragon (Depths:4)
  9 frost giants
  9 fire giants
  8 deep elf sorcerers
  Donald (Shoals:3)
  A caustic shrike zombie (Crypt:2)
  2 balrugs (Depths:3)
  3 ghost moths (Spider:4)
  5 vault wardens
  2 orc warlords
  2 curse skulls (Crypt:1)
  4 deep elf elementalists (Elf:3)
  5 ghouls
  A draconian annihilator (Depths:5)
  A juggernaut skeleton (Crypt:2)
  3 emperor scorpions
  3 spriggan defenders (Depths:2)
  10 stone giants
  A reaper (Crypt:3)
  A war gargoyle (Vaults:4)
  23 very ugly things
  9 ironbound preservers
  10 vampire knights
  6 deep elf annihilators (Elf:3)
  A black draconian (Depths:5)
  7 entropy weavers
  5 deep elf demonologists
  Azrael (Spider:2)
  2 red draconians (Depths:5)
  A minotaur (Gauntlet)
  2 dire elephants (Vaults:2)
  10 spark wasps
  5 deep elf death magi
  4 eidola
  The ghost of Neix the Fighter, a journeyman BaSk of Qazlal (Lair:2)
  2 merfolk javelineers (Shoals:4)
  Snorg (Lair:3)
  6 ettins
  5 deep elf high priests (Elf:3)
  13 jiangshi
  7 merfolk impalers
  2 crystal guardians (Vaults:4)
  13 fire dragons
  5 boulder beetles
  12 yaktaur captains
  5 great orbs of eyes
  7 rakshasas
  A fenstrider witch zombie (Crypt:3)
  18 vault guards
  5 ironbound thunderhulks
  7 hydras
  13 centaur warriors
  12 ice dragons
  Erolcha (D:9)
  A catoblepas (D:14)
  A peacekeeper (Vaults:4)
  An ogre mage (D:15)
  6 ironbound frosthearts
  10 spriggan air magi
  The ghost of Magezon the Slinger, a journeyman OpHu of Trog (Lair:1)
  3 death knights
  12 two-headed ogres
  7 merfolk aquamancers
  A death yak (shapeshifter) (Depths:2)
  5 tengu warriors
  5 deep troll shamans
  4 deep troll earth magi
  9 dancing weapons
  3 hell hogs (Depths:1)
  2 death yaks (Lair:6)
  3 spriggan berserkers
  9 vampire magi
  2 ironbound beastmasters
  2 thrashing horrors (Gauntlet)
  3 soul eaters
  3 orc high priests (Orc:2)
  10 deep elf knights
  5 sun demons (Depths:1)
  18 hell knights
  Nergalle (Orc:1)
  3 shadow wraiths
  6 skeletal warriors
  4 glowing orange brains
  5 sea snakes
  32 deep trolls
  A golden dragon zombie (Crypt:1)
  6 iron trolls
  10 flayed ghosts
  14 ironbound convokers
  A golden dragon skeleton (Crypt:1)
  An orange crystal statue (Depths:4)
  2 wizards
  13 harpies
  8 deep elf archers
  3 lindwurms (Vaults:1)
  An anaconda skeleton (Crypt:1)
  11 phantasmal warriors
  24 deep elf pyromancers
  6 orc knights
  18 wolf spiders
  8 necromancers
  35 ugly things
  19 orb spiders
  16 deep elf zephyrmancers
  An oklob plant (Lair:2)
  9 fauns
  An orc sorcerer (Orc:2)
  A stone giant zombie (Crypt:1)
  A manticore (shapeshifter) (Elf:1)
  A wolf spider (shapeshifter) (Vaults:2)
  A frost giant zombie (Vaults:5)
  A shadow dragon skeleton (Crypt:1)
  9 manticores
  3 cyclopes
  A frost giant skeleton (Crypt:3)
  Maurice (D:12)
  7 merfolk sirens
  21 elephants
  2 smoke demons (Depths:1)
  4 water nymphs
  A gargoyle (D:11)
  Joseph (D:10)
  A dire elephant zombie (Crypt:1)
  21 cane toads
  9 black mambas
  11 vault sentinels
  2 unseen horrors (Depths:4)
  3 torpor snails
  A dire elephant skeleton (Crypt:1)
  5 freezing wraiths
  An orange demon (Depths:3)
  2 kobold demonologists (D:12)
  4 rime drakes
  17 yaktaurs
  8 komodo dragons
  An efreet (D:13)
  13 demonic crawlers
  3 tengu conjurers
  A queen bee (Lair:1)
  2 catoblepas skeletons
  A hydra zombie (Crypt:3)
  7 trolls
  41 jumping spiders
  27 merfolk
  A meliai (Lair:1)
  5 polar bears
  A troll (shapeshifter) (Gauntlet)
  A wolf spider simulacrum (Crypt:3)
  4 wind drakes
  A raiju (shapeshifter) (D:14)
  21 slime creatures
  10 hornets
  10 blink frogs
  9 dream sheep
  2 satyr zombies
  5 snapping turtles
  3 air elementals
  7 spriggans
  2 vampires (Crypt:3)
  8 wraiths
  20 tarantellas
  102 redbacks
  21 water elementals
  36 yaks
  A black mamba skeleton (Crypt:3)
  3 fire elementals
  An alligator skeleton (Crypt:1)
  11 humans (D:13)
  5 fire bats
  3 small abominations (Gauntlet)
  6 basilisks
  11 vampire mosquitoes
  Grum (D:9)
  3 wargs
  Menkaure (D:5)
  A swamp worm (D:7)
  3 acid dragons
  Edmund (D:6)
  A hell hound (Spider:2)
  18 water moccasins
  A deep troll skeleton (Crypt:3)
  7 nameless horrors
  An ice beast (D:6)
  A manticore zombie (Crypt:3)
  51 orc warriors
  2 ice dragon simulacra
  2 black bears
  2 necrophages
  7 ogres
  7 boggarts
  An elephant skeleton (Crypt:2)
  25 wolves
  11 centaurs
  A phantom (D:4)
  A hog skeleton (Crypt:3)
  A rime drake zombie (Crypt:2)
  A yaktaur zombie (Crypt:3)
  2 kobold brigands
  3 earth elementals
  12 bullfrogs
  7 scorpions
  A water moccasin skeleton (D:5)
  30 killer bees
  A raiju skeleton (Crypt:2)
  2 spriggan skeletons (Crypt:1)
  A wolf zombie (Crypt:3)
  7 howler monkeys
  2 electric eels
  A lava snake (Lair:2)
  4 centaur zombies
  2 bullfrog zombies
  10 orc priests
  2 hounds
  3 jellies (Lair:5)
  4 iguanas
  11 orc wizards
  A felid zombie (Crypt:2)
  A sky beast zombie (Crypt:2)
  A felid skeleton (Crypt:3)
  2 hound skeletons
  2 howler monkey zombies
  A gnoll (D:7)
  A gnoll (shapeshifter) (Depths:1)
  11 adders
  8 river rats
  A lava snake zombie (Crypt:1)
  A halfling skeleton (Crypt:2)
  A worm (D:3)
  2 dart slugs (D:4)
  58 orcs
  6 endoplasms
  7 giant cockroaches
  A gnoll zombie (Crypt:3)
  8 goblins
  2 hobgoblins (D:3)
  4 jackals
  17 kobolds
  4 quokkas
  16 ball pythons
  A ball python skeleton (Crypt:1)
  4 bats
  3 frilled lizards
  24 rats
  2 butterflies (D:10)
  A lurking horror (Lair:5)
1714 creatures vanquished.

Vanquished Creatures (collateral kills)
  Mara (Depths:2)
  A bone dragon (Depths:3)
  A lich (Depths:3)
  A deep elf master archer (Elf:3)
  An ancient champion (Crypt:3)
  Roxanne (Elf:2)
  A draconian monk (Depths:5)
  3 frost giants
  3 vault wardens (Vaults:4)
  A balrug (D:15)
  An iron dragon (Depths:3)
  An orc warlord (Elf:1)
  2 deep elf elementalists (Elf:3)
  Aizul (Spider:4)
  5 ironbound preservers
  14 very ugly things
  2 ghouls (Crypt:2)
  A stone giant (Vaults:4)
  A black draconian (Depths:5)
  6 spark wasps
  An entropy weaver (Vaults:1)
  A merfolk javelineer (Depths:5)
  A yaktaur captain (Vaults:1)
  An ettin (Depths:5)
  2 jiangshi (Crypt:2)
  3 eidola
  2 merfolk impalers (Shoals:4)
  A fire dragon (Depths:3)
  A deep elf high priest (Depths:5)
  A great orb of eyes (Depths:4)
  A rakshasa (Depths:3)
  10 vault guards
  2 hydras
  2 ironbound frosthearts
  A centaur warrior (Vaults:2)
  A boulder beetle (D:11)
  A death knight (Crypt:1)
  2 merfolk aquamancers
  A spriggan air mage (Depths:4)
  3 merfolk avatars
  A catoblepas (Lair:6)
  3 death yaks (Lair:6)
  4 two-headed ogres
  A satyr (Shoals:3)
  A deep troll shaman (Depths:4)
  An alligator snapping turtle (Shoals:4)
  A tengu warrior (D:12)
  2 ironbound beastmasters
  A vampire mage (Crypt:2)
  Urug (Orc:1)
  An orc high priest (Elf:1)
  A deep troll earth mage (Depths:4)
  A sun demon (Depths:3)
  A deep elf knight (Elf:1)
  2 hell knights (Depths:4)
  3 skeletal warriors
  A glowing orange brain (Depths:5)
  A shadow wraith (Crypt:3)
  6 deep trolls
  A sea snake (Shoals:1)
  2 phantasmal warriors
  2 bog bodies (Crypt:2)
  A wizard (Vaults:2)
  7 ironbound convokers
  5 orc knights
  A lindwurm (Vaults:1)
  An orc sorcerer (Orc:1)
  26 ugly things
  6 orb spiders
  2 deep elf pyromancers (Elf:1)
  2 deep elf zephyrmancers
  4 manticores
  4 wolf spiders
  A cyclops (Shoals:3)
  A faun (Shoals:1)
  2 moths of wrath
  2 elephants (Lair:5)
  A merfolk siren (Shoals:2)
  2 black mambas (Lair:1)
  A water nymph (Shoals:3)
  An orange demon (Depths:3)
  2 vault sentinels
  5 cane toads
  2 yaktaurs
  2 tengu conjurers
  3 freezing wraiths
  A rime drake (Lair:1)
  A demonic crawler (Spider:3)
  4 jumping spiders
  2 trolls
  8 merfolk
  A queen bee (D:11)
  A troll (shapeshifter) (Crypt:1)
  A wind drake (Shoals:4)
  A hornet (Spider:4)
  A blink frog (Lair:6)
  6 slime creatures
  A dream sheep (Shoals:3)
  16 redbacks
  Sigmund (D:3)
  3 wyverns
  A fire dragon skeleton (Crypt:3)
  6 water elementals
  4 fire elementals (Spider:2)
  4 tarantellas
  3 wraiths
  Eustachio (D:6)
  17 yaks
  2 basilisks
  5 humans (D:13)
  2 fire bats (Lair:2)
  A steam dragon (D:8)
  2 vampire mosquitoes (D:11)
  4 wargs
  A swamp worm (D:7)
  2 floating eyes
  A nameless horror (Vaults:2)
  A hell hound (Spider:2)
  5 water moccasins
  10 orc warriors
  A black bear (D:5)
  2 sky beasts (D:8)
  11 wolves
  2 necrophages
  2 ogres
  A kobold brigand (D:11)
  A scorpion (Lair:1)
  5 bullfrogs
  12 killer bees
  A howler monkey (D:5)
  A bullfrog zombie (D:5)
  A wolf skeleton (Crypt:1)
  A centaur skeleton (D:6)
  A hound (D:5)
  Crazy Yiuf (D:3)
  4 orc priests
  A jelly (D:6)
  Jessica (D:3)
  3 iguanas
  An orc wizard (D:10)
  4 gnolls
  4 adders
  2 worms
  31 orcs
  3 endoplasms
  4 giant cockroaches
  2 goblins (D:2)
  4 hobgoblins
  5 jackals (D:2)
  A ball python (D:1)
  3 bats
  6 kobolds
  2 rats (D:1)
  A butterfly (D:10)
453 creatures vanquished.

Vanquished Creatures (others)
  A fire giant (Depths:4)
  7 eldritch tentacles
  2 deep elf knights
  A deep elf zephyrmancer (Elf:2)
  A deep elf pyromancer (Elf:2)
  2 elephants (Lair:5)
  A water elemental (Depths:3)
  A wolf (Lair:5)
  A bullfrog (Lair:5)
  An orc wizard (Orc:1)
  2 orcs
  6 bushes (Lair:6)
  38 fungi
  142 plants
  23 snaplasher vines
229 creatures vanquished.

Grand Total: 2396 creatures vanquished

Notes
Turn   | Place    | Note
-------+----------+-------------------------------------------
     0 | D:1      | tilp the Barachi Summoner began the quest for the Orb.
     0 | D:1      | Reached XP level 1. HP: 13/13 MP: 3/3
   282 | D:1      | Reached skill level 1 in Fighting
   423 | D:1      | Found a faded altar of an unknown god.
   539 | D:1      | Reached XP level 2. HP: 21/22 MP: 5/5
  1017 | D:1      | Reached skill level 5 in Summonings
  1230 | D:2      | Learned a level 2 spell: Call Imp
  1314 | D:2      | Found a stormy altar of Qazlal.
  1340 | D:2      | Reached XP level 3. HP: 27/27 MP: 3/6
  2430 | D:3      | Reached XP level 4. HP: 23/33 MP: 5/8
  2934 | D:3      | Noticed Sigmund
  3040 | D:3      | Noticed Jessica
  3061 | D:3      | Killed Jessica
  3062 | D:3      | Reached skill level 6 in Summonings
  3345 | D:2      | Learned a level 3 spell: Call Canine Familiar
  3538 | D:3      | Reached XP level 5. HP: 17/39 MP: 2/9
  3953 | D:4      | Found a shimmering altar of Xom.
  3955 | D:4      | Found a white marble altar of Elyvilon.
  3955 | D:4      | Found an opulent altar of Gozag.
  4070 | D:4      | Gained mutation: You are strong-willed. (Will+) [potion of
                  | mutation]
  4070 | D:4      | Gained mutation: You have supernaturally acute eyesight.
                  | (SInv) [potion of mutation]
  4070 | D:4      | Gained mutation: A frigid envelope surrounds you and
                  | freezes all who hurt you. [potion of mutation]
  4271 | D:4      | Noticed an ogre
  4299 | D:4      | Killed an ogre
  4300 | D:4      | Reached XP level 6. HP: 47/47 MP: 1/10
  4924 | D:4      | Reached XP level 7. HP: 43/54 MP: 7/11
  5245 | D:5      | Entered Level 5 of the Dungeon
  5245 | D:5      | Noticed Menkaure
  5639 | D:5      | Killed Menkaure
  5640 | D:5      | Reached skill level 7 in Summonings
  6049 | D:5      | Reached skill level 8 in Summonings
  6049 | D:5      | Reached XP level 8. HP: 57/60 MP: 7/14
  6740 | D:6      | Found a glowing drain.
  6760 | Sewer    | Entered a sewer
  6966 | Sewer    | Reached skill level 5 in Fighting
  7123 | Sewer    | Reached skill level 9 in Summonings
  7703 | D:6      | Noticed a yak
  7704 | D:6      | Noticed a yak
  7708 | D:6      | Reached skill level 10 in Summonings
  7937 | D:6      | Noticed a yak
  7958 | D:6      | Noticed Eustachio
  7967 | D:6      | Killed a yak
  7979 | D:6      | Killed Eustachio
  7980 | D:6      | Reached XP level 9. HP: 62/71 MP: 6/15
  8062 | D:6      | Reached skill level 5 in Dodging
  8088 | D:6      | Noticed Edmund
  8098 | D:6      | Killed Edmund
  8586 | D:6      | Reached skill level 1 in Evocations
  8862 | D:7      | Found a staircase to the Ecumenical Temple.
  8870 | Temple   | Entered the Ecumenical Temple
  8920 | Temple   | Became a worshipper of Warmaster Okawaru
  9017 | D:7      | Found a flagged portal.
  9054 | D:7      | Learned a level 4 spell: Summon Ice Beast
  9059 | D:7      | Learned a level 4 spell: Summon Lightning Spire
  9119 | Bailey   | Entered a bailey
  9150 | Bailey   | Reached skill level 1 in Invocations
 11569 | Bailey   | Noticed an orc knight
 11715 | Bailey   | Reached * piety under Okawaru
 11716 | Bailey   | Reached XP level 10. HP: 44/80 MP: 7/16
 11839 | Bailey   | Killed an orc knight
 11840 | Bailey   | Reached skill level 5 in Armour
 12087 | D:7      | Reached ** piety under Okawaru
 12716 | D:7      | Reached skill level 5 in Invocations
 13051 | D:7      | Identified a scroll of acquirement
 13051 | D:7      | Acquired the Almanac of the Traveller
 13055 | D:7      | Learned a level 1 spell: Apportation
 13774 | D:3      | Killed Sigmund
 13896 | D:3      | Found a runed translucent door.
 13897 | D:3      | Noticed Crazy Yiuf
 13955 | D:3      | Killed Crazy Yiuf
 14724 | D:8      | Found a staircase to the Lair.
 14724 | D:8      | Noticed an elephant
 14754 | D:8      | Killed an elephant
 14754 | D:8      | Reached *** piety under Okawaru
 15123 | D:8      | Found a radiant altar of Vehumet.
 15123 | D:8      | Found a hazy altar of Hepliaklqana.
 15131 | D:8      | Found a glowing golden altar of the Shining One.
 15133 | D:8      | Found a sacrificial altar of Ru.
 15135 | D:8      | Found a sparkling altar of Nemelex Xobeh.
 15279 | D:9      | Noticed Grum
 15307 | D:9      | Killed Grum
 15308 | D:9      | Reached skill level 10 in Fighting
 15692 | D:9      | Noticed a two-headed ogre
 15706 | D:9      | Killed a two-headed ogre
 15706 | D:9      | Reached **** piety under Okawaru
 16010 | D:9      | Reached XP level 11. HP: 89/90 MP: 6/17
 16013 | D:9      | Found Tisev's Distillery.
 16017 | D:9      | Noticed Erolcha
 16034 | D:9      | Killed Erolcha
 16035 | D:9      | Reached skill level 1 in Translocations
 16035 | D:9      | Reached skill level 1 in Ice Magic
 16035 | D:9      | Reached skill level 1 in Air Magic
 16462 | D:9      | Found Meho's Antique Armour Shoppe.
 16467 | D:9      | Bought a pair of runed boots for 157 gold pieces
 16652 | D:9      | Found Kajek's General Store.
 16754 | D:9      | Learned a level 3 spell: Summon Guardian Golem
 16761 | D:10     | Entered Level 10 of the Dungeon
 16923 | D:10     | Reached ***** piety under Okawaru
 17010 | D:10     | Noticed a two-headed ogre
 17015 | D:10     | Killed a two-headed ogre
 17095 | D:10     | Found a runed translucent door.
 17109 | D:10     | Found a runed translucent door.
 17457 | D:10     | Noticed Joseph
 17475 | D:10     | Killed Joseph
 17476 | D:10     | Reached skill level 5 in Spellcasting
 17658 | D:10     | Found an ornate altar of the Wu Jian Council.
 17738 | D:10     | Received a gift from Okawaru
 17926 | D:10     | Found a staircase to the Orcish Mines.
 18419 | D:11     | Noticed a death knight
 18551 | D:11     | Killed a death knight
 18568 | D:11     | Reached skill level 11 in Summonings
 19298 | D:9      | Bought a potion of heal wounds for 70 gold pieces
 19407 | D:11     | Learned a level 3 spell: Lesser Beckoning
 19647 | D:11     | Reached XP level 12. HP: 88/97 MP: 2/21
 19925 | D:11     | Noticed a two-headed ogre
 19970 | D:11     | Killed a two-headed ogre
 20144 | D:11     | Reached skill level 12 in Summonings
 20170 | D:11     | Found a shadowy altar of Dithmenos.
 20329 | D:11     | Noticed a boulder beetle
 20342 | D:11     | Killed a boulder beetle
 20487 | D:11     | Reached skill level 1 in Shields
 20487 | D:11     | Received a gift from Okawaru
 20872 | D:11     | Found Ajoraexa's Antique Weapon Shop.
 20881 | D:11     | Bought a twisted trident for 280 gold pieces
 20881 | D:11     | Identified the +11 trident of Romo {vamp, Str+2} (You
                  | bought it in a shop on level 11 of the Dungeon)
 21040 | Lair:1   | Entered Level 1 of the Lair of Beasts
 21045 | Lair:1   | Reached ****** piety under Okawaru
 21393 | Lair:1   | Reached skill level 1 in Polearms
 21502 | Lair:1   | Noticed Magezon's ghost (journeyman OpHu)
 21516 | Lair:1   | Found a transporter.
 21522 | Lair:1   | Found a transporter.
 21849 | Lair:1   | Noticed an eight-headed hydra
 21885 | Lair:1   | Received a gift from Okawaru
 21896 | Lair:1   | Killed an eight-headed hydra
 21897 | Lair:1   | Reached skill level 5 in Polearms
 23624 | Lair:2   | Reached skill level 10 in Polearms
 23624 | Lair:2   | Gained mutation: You can hop long distances. [Barachi
                  | growth]
 23624 | Lair:2   | Reached XP level 13. HP: 93/103 MP: 18/22
 23680 | Lair:2   | Reached XP level 14. HP: 77/110 MP: 12/23
 24049 | Lair:2   | Found a runed translucent door.
 24051 | Lair:2   | Identified the +7 trident of Meager Expedience {flame,
                  | rPois rF+}
 24052 | Lair:2   | Noticed Neix's ghost (journeyman BaSk)
 25254 | Lair:3   | Noticed Snorg
 25264 | Lair:3   | Killed Snorg
 25264 | Lair:3   | Identified the +0 chain mail "Guzilimm" {Int+5} (Okawaru
                  | gifted it to you on level 3 of the Lair of Beasts)
 25264 | Lair:3   | Received a gift from Okawaru
 25968 | Lair:3   | Identified the -4 helmet of the Echidna {rN+}
 26730 | Lair:4   | Found a staircase to the Shoals.
 27518 | Lair:4   | Found a hole to the Spider Nest.
 27541 | Lair:4   | Received a gift from Okawaru
 27909 | Lair:5   | Found a one-way gate to the infinite horrors of the Abyss.
 28481 | Lair:5   | Found a staircase to the Slime Pits.
 28496 | Lair:5   | Reached skill level 5 in Translocations
 28575 | Lair:5   | Found a corrupted altar of Lugonu.
 28978 | Lair:5   | Learned a level 5 spell: Summon Forest
 29001 | Lair:6   | Entered Level 6 of the Lair of Beasts
 29337 | Lair:6   | Reached XP level 15. HP: 80/115 MP: 3/25
 29510 | Lair:5   | Received a gift from Okawaru
 29622 | Lair:6   | Reached skill level 13 in Summonings
 29789 | Lair:5   | Identified the +0 robe of the Moneychanger {Will+ Dex-2
                  | SInv}
 29870 | Lair:6   | Identified the +3 spear of Ash {venom, +Rage MP-9 Str+9
                  | Dex-5}
 30550 | Lair:6   | Reached skill level 14 in Summonings
 30784 | Lair:6   | Found the +8 mithril axe "Arga" {speed, Will+}
 31599 | Orc:1    | Entered Level 1 of the Orcish Mines
 31738 | Orc:1    | Noticed an orc warlord
 31755 | Orc:1    | Noticed Nergalle
 31912 | Orc:1    | Killed an orc warlord
 31917 | Orc:1    | Received a gift from Okawaru
 32192 | Orc:1    | Killed Nergalle
 32429 | Orc:2    | Entered Level 2 of the Orcish Mines
 32468 | Orc:2    | Reached skill level 15 in Summonings
 32514 | Orc:2    | Found Qam Etur's Book Boutique.
 32661 | Orc:2    | Found Wowot's Weapon Shop.
 32673 | Orc:2    | Noticed an orc warlord
 32694 | Orc:2    | Killed an orc warlord
 32842 | Orc:2    | Found Dologrokh's Antique Armour Shop.
 32891 | Orc:2    | Found Jawnacko's Antique Weapon Shoppe.
 33014 | Orc:2    | Found Gaetate's General Store.
 33050 | Orc:2    | Found a staircase to the Elven Halls.
 33158 | Orc:2    | Found Bablam's Assorted Antiques.
 33385 | Orc:2    | Bought a pair of glowing boots for 232 gold pieces
 33430 | Orc:2    | Bought a book of Summonings for 980 gold pieces
 33449 | Orc:1    | Noticed Urug
 33453 | Orc:1    | Identified the +5 glaive "Zeerauw" {freeze, +Rage rF++
                  | Str+3 Dex-2} (Okawaru gifted it to you on level 1 of the
                  | Orcish Mines)
 33453 | Orc:1    | Received a gift from Okawaru
 33460 | Orc:1    | Killed Urug
 33753 | D:9      | Bought a scroll of amnesia for 45 gold pieces
 33982 | D:1      | Learned a level 6 spell: Shadow Creatures
 34227 | D:12     | Noticed Maurice
 34240 | D:12     | Killed Maurice
 34281 | D:12     | Found a gate leading to a gauntlet.
 34310 | Gauntlet | Entered a Gauntlet
 34310 | Gauntlet | Found a transporter.
 34310 | Gauntlet | Found a transporter.
 34353 | Gauntlet | Found a transporter.
 34372 | Gauntlet | Found a transporter.
 34372 | Gauntlet | Found a transporter.
 34372 | Gauntlet | Found a transporter.
 34374 | Gauntlet | Found a transporter.
 34375 | Gauntlet | Found a transporter.
 34389 | Gauntlet | Found the +3 pair of seven-league boots {Rampage+∞}
 34389 | Gauntlet | Found a transporter.
 34407 | Gauntlet | Found a transporter.
 34417 | Gauntlet | Found a transporter.
 34433 | Gauntlet | Found a transporter.
 34454 | Gauntlet | Found a transporter.
 34455 | Gauntlet | Found the +10 tower shield of Ignorance {rN+ Int-4}
 34473 | Gauntlet | Found a transporter.
 34578 | Gauntlet | Identified the amulet "Pamoen" {RegenMP Str+3}
 34581 | Gauntlet | Reached skill level 5 in Evocations
 34665 | Gauntlet | Reached XP level 16. HP: 123/123 MP: 22/28
 34774 | Gauntlet | Identified the +0 pair of gloves "Zamon" {*Slow rF+ rN+
                  | Slay+5}
 34798 | Gauntlet | Identified the Grimoire of Ignition and Conjuration
 35329 | D:12     | Reached skill level 10 in Armour
 35538 | D:12     | Received a gift from Okawaru
 36750 | D:13     | Found a shimmering altar of Xom.
 36756 | D:13     | Found a shimmering altar of Xom.
 36756 | D:13     | Found a shimmering altar of Xom.
 36756 | D:13     | Found a shimmering altar of Xom.
 36756 | D:13     | Found a shimmering altar of Xom.
 36758 | D:13     | Found a shimmering altar of Xom.
 36844 | D:13     | Identified the +2 plate armour of Hepliaklqana's Envy {Fly
                  | Dex-2 Slay+3}
 37205 | D:13     | Found a gate to the Vaults.
 37373 | D:13     | Noticed Jorgrun
 37383 | D:13     | Killed Jorgrun
 38321 | D:14     | Acquired the amulet of Puovy {Spirit rN+ Stlth+}
 38770 | D:15     | Entered Level 15 of the Dungeon
 38833 | D:15     | Found a staircase to the Depths.
 38999 | D:15     | Received a gift from Okawaru
 39139 | D:15     | Reached skill level 10 in Invocations
 39488 | D:15     | Reached skill level 1 in Hexes
 39787 | D:15     | Received a gift from Okawaru
 40473 | Shoals:1 | Entered Level 1 of the Shoals
 41159 | Shoals:1 | Found Jarreunu's Antique Armour Shop.
 41631 | Shoals:2 | Reached XP level 17. HP: 99/133 MP: 25/29
 41872 | Shoals:2 | Reached skill level 16 in Summonings
 42651 | Shoals:2 | Received a gift from Okawaru
 43110 | Shoals:3 | Noticed Donald
 43129 | Shoals:3 | Killed Donald
 43198 | Shoals:3 | Reached skill level 17 in Summonings
 43383 | Shoals:3 | Found Horphoutho's Assorted Antiques.
 44195 | Shoals:4 | Entered Level 4 of the Shoals
 44219 | Shoals:4 | Identified the +10 halberd "Uwnikki" {holy, Int+4}
 44243 | Shoals:4 | Found Fuekki Veti's Jewellery Shop.
 45265 | Shoals:4 | Reached skill level 18 in Summonings
 45667 | Shoals:4 | Identified the +1 hand axe of Tartarus {vamp, +Blink Will++
                  | Str+3} (Okawaru gifted it to you on level 4 of the Shoals)
 45667 | Shoals:4 | Received a gift from Okawaru
 46544 | Shoals:4 | Identified the Collected Works on Enchanting Earth
 46887 | Shoals:4 | Received a gift from Okawaru
 47311 | Shoals:4 | Got a barnacled rune of Zot
 47994 | Spider:1 | Entered Level 1 of the Spider Nest
 48255 | Spider:1 | Reached skill level 10 in Translocations
 48381 | Spider:1 | Reached skill level 10 in Spellcasting
 48418 | Spider:1 | Reached XP level 18. HP: 140/140 MP: 32/32
 49304 | Spider:2 | Identified the +6 glaive of Distraction {vorpal, Int+6}
                  | (Okawaru gifted it to you on level 2 of the Spider Nest)
 49304 | Spider:2 | Received a gift from Okawaru
 49376 | Spider:2 | Noticed Azrael
 49387 | Spider:2 | Killed Azrael
 50559 | Spider:3 | Paralysed by a hornet for 1 turns
 51035 | Spider:3 | Received a gift from Okawaru
 51192 | Spider:4 | Entered Level 4 of the Spider Nest
 51529 | Spider:4 | Reached skill level 10 in Dodging
 51727 | Spider:4 | Reached skill level 15 in Armour
 51922 | Spider:3 | Learned a level 5 spell: Summon Mana Viper
 52493 | Spider:4 | Noticed Aizul
 52513 | Spider:4 | Received a gift from Okawaru
 52520 | Spider:4 | Reached XP level 19. HP: 89/153 MP: 1/33
 52624 | Spider:4 | Killed Aizul
 52748 | Spider:4 | Received a gift from Okawaru
 53086 | Spider:4 | Got a gossamer rune of Zot
 53097 | Spider:4 | Identified the +5 robe "Gal Ceci" {Will- Str+2 Dex+2 SInv
                  | Stlth+}
 53282 | Shoals:1 | Bought a brightly glowing chain mail for 304 gold pieces
 53282 | Shoals:1 | Identified the +7 chain mail of the Spheres {Regen+ Str+4}
                  | (You bought it in a shop on level 1 of the Shoals)
 53284 | Shoals:1 | Bought a distressingly furry chain mail for 304 gold pieces
 53284 | Shoals:1 | Identified the +5 chain mail of the Sneaky Wonders {Contam
                  | rElec Dex+4} (You bought it in a shop on level 1 of the
                  | Shoals)
 53501 | Lair:1   | Killed Magezon's ghost
 53612 | Lair:2   | Killed Neix's ghost
 53624 | Lair:2   | Reached skill level 15 in Fighting
 53876 | Elf:1    | Entered Level 1 of the Elven Halls
 54344 | Elf:1    | Identified the +0 ring mail "Tadumn" {Rampage} (Okawaru
                  | gifted it to you on level 1 of the Elven Halls)
 54344 | Elf:1    | Received a gift from Okawaru
 54361 | Elf:1    | Found Dijukh's Distillery.
 54534 | Elf:1    | Found Dustoig's Assorted Antiques.
 54559 | Elf:1    | Found Luagg's Armour Emporium.
 54625 | Elf:1    | Found Gyijoiwk's Jewellery Boutique.
 54944 | Elf:1    | Found Ysmut's Armour Shoppe.
 55526 | Elf:2    | Found Itzintemm's General Store.
 55527 | Elf:2    | Found Supinaiz's Armour Shop.
 55527 | Elf:2    | Found Nojarumn's Magic Scroll Boutique.
 55537 | Elf:2    | Found Jogatwyh's Distillery.
 55561 | Elf:2    | Identified Roxanne's Papyrus of Stones
 55561 | Elf:2    | Noticed Roxanne
 55590 | Elf:2    | Killed Roxanne
 55594 | Elf:2    | Found a runed translucent gate.
 55594 | Elf:2    | Noticed Joofib's ghost (adept DjVM)
 55655 | Elf:2    | Found a runed translucent gate.
 55656 | Elf:2    | Found a runed translucent gate.
 56056 | Elf:2    | Found a huge runed translucent gate.
 56056 | Elf:2    | Found a huge runed translucent gate.
 56056 | Elf:2    | Found a huge runed translucent gate.
 56056 | Elf:2    | Found a huge runed translucent gate.
 56067 | Elf:2    | Found a huge runed translucent gate.
 56439 | Vaults:1 | Entered Level 1 of the Vaults
 56852 | Vaults:1 | Received a gift from Okawaru
 56911 | Vaults:1 | Reached skill level 5 in Ice Magic
 56911 | Vaults:1 | Reached XP level 20. HP: 162/162 MP: 19/34
 57222 | Vaults:1 | Reached skill level 5 in Air Magic
 57442 | Vaults:1 | Reached skill level 5 in Hexes
 57750 | Vaults:1 | Identified the +1 plate armour "Kyiratwi" {rF+ Slay+3}
                  | (Okawaru gifted it to you on level 1 of the Vaults)
 57750 | Vaults:1 | Received a gift from Okawaru
 58486 | Vaults:2 | Noticed Margery
 59041 | Vaults:2 | Killed Margery
 59957 | Vaults:2 | Identified the +1 ring mail of Wafig {Rampage rPois rF++
                  | Str-3} (Okawaru gifted it to you on level 2 of the Vaults)
 59957 | Vaults:2 | Received a gift from Okawaru
 60585 | Vaults:2 | Learned a level 7 spell: Summon Hydra
 61069 | Vaults:3 | Found a staircase to the Crypt.
 61406 | Vaults:3 | Reached XP level 21. HP: 45/168 MP: 2/37
 61475 | Vaults:3 | You are sucked into a shaft and drop 1 floor!
 62136 | Vaults:3 | Received a gift from Okawaru
 62506 | Elf:2    | Bought the +2 shield of Resistance {rF++ rC++ Will++} for
                  | 1103 gold pieces
 62506 | Elf:2    | Found the +2 shield of Resistance {rF++ rC++ Will++}
 63434 | Vaults:4 | Received a gift from Okawaru
 63509 | Vaults:4 | Identified the +5 whip of Cheese {pain, rElec rN+}
 64367 | Elf:3    | Entered Level 3 of the Elven Halls
 64623 | Elf:3    | Reached skill level 19 in Summonings
 65758 | Elf:3    | Identified the +6 scale mail of the Salamander {rF+}
 65877 | Elf:3    | Reached XP level 22. HP: 160/175 MP: 31/38
 66109 | Elf:3    | Identified the +8 spear of Autumn {vorpal, Int+6}
 66316 | Elf:3    | Identified the Almanac of Displacement and Fire
 66324 | Elf:3    | Identified Cihorih's Almanac of Flying Summoning
 66326 | Elf:3    | Identified the Compendium of the Damaging Voyage
 66408 | Elf:3    | Identified the +1 kite shield "Ewuaphal" {Dex+4} (Okawaru
                  | gifted it to you on level 3 of the Elven Halls)
 66408 | Elf:3    | Received a gift from Okawaru
 66440 | Elf:3    | Identified the +3 scale mail of Prudence {+Inv}
 66685 | Depths:1 | Entered Level 1 of the Depths
 67063 | Depths:1 | Found a gateway to Hell.
 67136 | Depths:1 | Reached skill level 20 in Summonings
 67349 | Depths:1 | Identified the amulet of Nepovvyu {Reflect rPois Regen+
                  | SH+5}
 68199 | Depths:1 | HP: 6/175 [spark wasp (17)]
 69025 | Shoals:4 | Learned a level 2 spell: Blink
 69033 | Shoals:4 | Learned a level 7 spell: Malign Gateway
 69396 | Depths:2 | Noticed Mara
 69404 | Depths:2 | Noticed tilp's illusion
 69510 | Depths:2 | Killed Mara
 70682 | Depths:2 | Reached skill level 21 in Summonings
 70701 | Depths:2 | Received a gift from Okawaru
 70954 | Depths:2 | Found a stormy altar of Qazlal.
 71206 | Elf:1    | Bought the ring of Fragile Peace {rElec rN+ Int+6} for 1303
                  | gold pieces
 71652 | Depths:2 | Identified the +8 short sword of Immorality {vorpal, rF+
                  | Will+ Dex+2}
 71786 | Depths:2 | Noticed the Enchantress
 71810 | Depths:2 | Reached skill level 15 in Translocations
 71812 | Depths:2 | Killed the Enchantress
 72180 | Depths:3 | Reached XP level 23. HP: 180/181 MP: 24/41
 72517 | Depths:3 | Reached skill level 5 in Shields
 72644 | Depths:3 | Found a one-way gate leading to the halls of Pandemonium.
 72755 | Depths:3 | Identified the +6 arbalest of the Vulture {freeze, rN+
                  | Str-5 Dex+3} (Okawaru gifted it to you on level 3 of the
                  | Depths)
 72755 | Depths:3 | Received a gift from Okawaru
 73847 | Depths:3 | Reached skill level 15 in Polearms
 73855 | Depths:3 | Received a gift from Okawaru
 73894 | Depths:3 | Paralysed by a floating eye for 2 turns
 74262 | Depths:4 | Identified the +1 pair of gloves "Nynomido" {Harm} (Okawaru
                  | gifted it to you on level 4 of the Depths)
 74262 | Depths:4 | Received a gift from Okawaru
 74367 | Depths:4 | Paralysed by a floating eye for 3 turns
 74575 | Depths:4 | Reached skill level 10 in Shields
 74964 | Depths:4 | Identified the +10 shortbow of the Thirsty Ghosts {vorpal,
                  | Dex+2}
 74965 | Depths:4 | Identified the +10 shortbow of the Thirsty Ghosts {vorpal,
                  | Dex+2}
 75132 | Depths:4 | Reached XP level 24. HP: 188/188 MP: 32/41
 75239 | Depths:4 | Found Cinilomi's Weapon Emporium.
 75419 | Depths:5 | Entered Level 5 of the Depths
 75655 | Depths:5 | Found Lorusk's Antique Armour Shoppe.
 75661 | Depths:5 | Found Innur's Jewellery Shoppe.
 75704 | Depths:5 | Received a gift from Okawaru
 75748 | Depths:5 | Found a gateway to a ziggurat.
 75784 | Depths:5 | Found a gate to the Realm of Zot.
 76427 | Depths:5 | Noticed a caustic shrike
 76427 | Depths:5 | Noticed a caustic shrike
 76427 | Depths:5 | Noticed a caustic shrike
 76439 | Depths:5 | Killed a caustic shrike
 76451 | Depths:5 | Killed a caustic shrike
 76471 | Depths:5 | Killed a caustic shrike
 77163 | Elf:2    | Bought 3 scrolls of blinking for 337 gold pieces
 77208 | Elf:2    | Received a gift from Okawaru
 77210 | Elf:2    | Killed Joofib's ghost
 77785 | Crypt:1  | Entered Level 1 of the Crypt
 78406 | Crypt:1  | Reached skill level 15 in Shields
 79209 | Crypt:2  | Received a gift from Okawaru
 79251 | Crypt:2  | Acquired the +4 demon trident "Ruuponerr" {vamp, Int+7}
 79515 | Crypt:2  | Reached XP level 25. HP: 197/197 MP: 35/41
 79685 | Crypt:3  | Entered Level 3 of the Crypt
 80474 | Crypt:3  | Found a staircase to the Tomb.
 80541 | Crypt:3  | Noticed Boris
 80561 | Crypt:3  | Killed Boris
 81008 | Crypt:3  | Received a gift from Okawaru
 81275 | Crypt:3  | Found an ancient bone altar of Kikubaaqudgha.
 81281 | Crypt:3  | Found a basalt altar of Yredelemnul.
 81294 | Crypt:3  | Identified the Volume of Dusty Poison
 81334 | Crypt:3  | Identified the Guide on Evil Arts and Weightlessness
 81513 | Vaults:5 | Entered Level 5 of the Vaults
 81538 | Vaults:5 | Reached skill level 15 in Dodging
 81613 | Vaults:5 | Received a gift from Okawaru
 81643 | Vaults:5 | Noticed an ancient lich
 81650 | Vaults:5 | Slain by a vault warden

Illustrated notes

Levels and vault maps discovered:
D:1:      lemuel_arrival_funnel, layout_loops_ring,
          chequers_ecumenical_altar_grove
D:2:      layout_basic, basic_altar
D:3:      layout_rooms, uniq_jessica, uniq_crazy_yiuf_cottage, uniq_sigmund
D:4:      layout_loops_ring, grunt_temple_overflow_open
D:5:      layout_gridville, uniq_menkaure
D:6:      layout_basic, portal_sewer_entry_b, uniq_eustachio, uniq_edmund
D:7:      layout_basic, minmay_temple_entry_large_hall, enter_bailey_7,
          worms_lemuel
D:8:      layout_basic, chequers_temple_overflow_minitemple, david_lair_generic
D:9:      layout_roguey, serial_shops, nicolae_shop_waterfront, shop_statue,
          nicolae_shop_temple_entry_statues_fountains, uniq_grum, uniq_erolcha
D:10:     lemuel_insect_pit, layout_loops_ring, nzn_wu_jian_contemplation,
          david_orc_4, uniq_joseph
D:11:     layout_cave_pools, special_room [special_room_bee], serial_shops,
          shop, nicolae_dithmenos_shadow_blocks
D:12:     layout_long_grid, gauntlet_entry_generic, uniq_maurice
D:13:     layout_gridville, david_vaults_3, dk_noncrumbling_3,
          chequers_hall_statues_y, minmay_misc_feat_four_crosses,
          xom_redecorated, uniq_jorgrun
D:14:     layout_loops_ring, chequers_serial_rivers_micro_b
D:15:     grunt_enter_depths_giant_problem, layout_basic, serial_glass,
          glass_columns_a, glass_columns_a, glass_columns_b, glass_columns_a,
          glass_columns_b, glass_columns_a
Temple:   oiseaux_autumnal_temple
Lair:1:   layout_big_grid, gammafunk_ghost_hive, minmay_holes,
          serial_bayou_shore_b, grunt_megastairs_3
Lair:2:   layout_gridlike, ebering_ghost_funeral_grove
Lair:3:   layout_chaotic_city, beast_lair_carwin_8, serial_bayou_shore_b,
          grunt_megastairs_4, lemuel_fruit_tree, serial_bayou_shore_b,
          infiniplex_staircase_pool, serial_bayou_shore_b, uniq_snorg
Lair:4:   layout_roguey, minmay_shoals_entry_beasts,
          nicolae_spider_entry_tight_spaces, hangedman_lair_unloving_vines,
          serial_bayou_shore_b
Lair:5:   layout_gridlike, nicolae_slime_entry_slimehenge,
          amcnicky_altar_lugonu_corruption, serial_bayou_shore_b
Lair:6:   grunt_lair_end_beastmaster, layout_cave_shapes, minmay_hedge_maze,
          infiniplex_staircase_pool_2, grunt_megastairs_5
Shoals:1: layout_shoals, serial_shops, shop, nicolae_shoals_seven_spires
Shoals:2: layout_shoals, nicolae_shoals_cliffside_cave,
          nicolae_shoals_flooded_hall
Shoals:3: layout_shoals, serial_shops, nicolae_shop_window_shopping, uniq_donald
Shoals:4: shoals_end_hangedman, layout_shoals, serial_shops, shop
Spider:1: layout_spider_delve
Spider:2: layout_spider_delve, guppyfry_spider_mini_1, uniq_azrael
Spider:3: layout_spider_delve
Spider:4: grunt_spider_rune_parallel, drop_trap, uniq_aizul
Orc:1:    layout_caves, nicolae_orc_lava_tube, uniq_urug, uniq_nergalle
Orc:2:    grunt_orc_gardens, layout_diamond_mine, grunt_orc_garden,
          grunt_orc_garden, grunt_orc_garden, grunt_orc_garden, serial_shops,
          nicolae_shop_statue_plus, shop
Elf:1:    layout_geoelf_diagonals, serial_shops, nicolae_shop_crystal, shop,
          shop_statue, shop_statue, nicolae_shop_overgrown_old_shop,
          special_room [special_room_orc], serial_corexii_hall,
          corexii_hall_statues_t, chequers_hall_statues_corner_a,
          minmay_elf_crystal_heptagon, minmay_misc_feat_diagonals
Elf:2:    layout_loops_corners, gammafunk_ghost_split, st_stairs_8,
          minmay_shoptagon, uniq_roxanne
Elf:3:    minmay_elf_hall_dome, layout_loops_corners, serial_sigils,
          serial_sigils_hangedman_clutch, serial_sigils_hangedman_shear,
          serial_sigils_hangedman_writhe, serial_sigils_hangedman_shear,
          minmay_crystal_room, feat_on_display
Vaults:1: hangedman_vaults_restitches, v_pattern_5, ontoclasm_vaults_tryst,
          nicolae_vaults_puzzle_piece, nicolae_vaults_windows_and_doors_thing,
          nicolae_vaults_know_your_exits, vaults_room_stairs_pillars,
          hangedman_vaults_slice, layout_vaults_omnicross
Vaults:2: nicolae_vaults_circle_grid_a, v_rooms_4, v_misc_15, st_lattice,
          layout_vaults_omnigrid, uniq_margery
Vaults:3: v_misc_9, ontoclasm_vaults_twist, ontoclasm_vaults_loading_screen,
          nicolae_vaults_little_squares_5, minmay_crypt_entry_simple_box,
          vaults_room_fours, vaults_mumra_hex, ontoclasm_vaults_shuriken,
          layout_vaults_big_room
Vaults:4: vaults_dpeg_spiral, v_misc_10, nicolae_vaults_network_star, v_misc_2,
          ontoclasm_vaults_bender, v_misc_31, hangedman_vaults_nails,
          nicolae_vaults_asterisk, v_misc_15, hangedman_vaults_pinch,
          layout_vaults_omnibox
Vaults:5
Crypt:1:  layout_regular_city
Crypt:2:  layout_rooms
Crypt:3:  lightli_unholy_cathedral, layout_chaotic_city,
          nicolae_tomb_entry_rubble_hallway, uniq_boris
Depths:1: layout_basic, hellmouth_3, kennysheep_flooded_box, abyss_entry,
          chequers_decorated_corner, kennysheep_cross_bottleneck,
          serial_sigils_hangedman_confine, amcnicky_mini_corridor_feature,
          roderic_lattice_a, lightli_minifort
Depths:2: minmay_outward_triangles, layout_cave_pools, grunt_qazlal_clouds,
          grunt_hell_entry_dis_old, grunt_megastairs_1, uniq_enchantress,
          uniq_mara
Depths:3: grunt_deathspiral_large, layout_basic, minivault_14,
          grunt_mini_vestibule, rand_demon_pan_entry_5, nicolae_lava_and_water,
          serial_bayou_shore_b
Depths:4: minmay_glassy_protrusions, layout_gridville, grunt_decor_arrowhead,
          hell_entry, serial_shops, shop, abyss_entry_crystal,
          grunt_ministairs_15, horrible_house_mu
Depths:5: grunt_zot_entry_tricorne, layout_small_grid, enter_ziggurat_a,
          dk_noncrumbling_4, pan_entry, hell_entry, serial_bayou_shore_a,
          minmay_shop_star

Skill      XL: |  1  2  3  4  5  6  7  8  9 10 11 12 13 14 15 16 17 18 19 20 21 22 23 24 25 |
---------------+----------------------------------------------------------------------------+-----
Fighting       | 2 3 4 6 8 10 12 14 15 16 18 | 18.3
Summonings     | 5 6 8 10 11 12 15 18 19 21 | 21.0
Spellcasting   | 3 4 6 7 8 10 12 14 | 14.0
Stealth        | 2 3 4 |  4.0
Dodging        | 3 4 6 8 11 12 13 15 | 15.0
Evocations     | 4 5 6 8 |  8.0
Invocations    | 4 7 8 10 12 | 12.0
Armour         | 2 5 8 9 12 15 17 18 | 18.0
Translocations | 4 5 8 10 12 13 15 16 | 16.0
Ice Magic      | 4 5 6 |  6.0
Air Magic      | 4 6 |  6.0
Shields        | 4 10 15 | 15.0
Polearms       | 10 14 15 16 | 16.0
Hexes          | 4 6 |  6.0

Action                   |  1- 3 |  4- 6 |  7- 9 | 10-12 | 13-15 | 16-18 | 19-21 | 22-24 | 25-27 || total
-------------------------+-------+-------+-------+-------+-------+-------+-------+-------+-------++-------
Melee: Whip              |   121 |   141 |   256 |   471 |    27 |       |       |       |       ||  1016
       Unarmed           |     5 |       |       |       |       |       |       |       |       ||     5
       Trident           |       |       |       |       |   955 |  1540 |  1557 |  1501 |       ||  5553
       Halberd           |       |       |       |       |       |       |       |   238 |   244 ||   482
       Demon trident     |       |       |       |       |       |       |       |       |    98 ||    98
Throw: Dart              |       |       |    32 |    10 |       |     5 |     1 |     1 |       ||    49
 Cast: Summon Small Mamm |    25 |     1 |       |       |       |       |       |       |       ||    26
       Call Imp          |    14 |    31 |    55 |    10 |     1 |       |       |       |       ||   111
       Call Canine Famil |       |     2 |    50 |    37 |     4 |     2 |       |       |       ||    95
       Summon Ice Beast  |       |       |       |   100 |    77 |    24 |     1 |     1 |       ||   203
       Summon Lightning  |       |       |       |    10 |    13 |    11 |     1 |     1 |       ||    36
       Apportation       |       |       |       |     7 |       |       |       |       |       ||     7
       Summon Guardian G |       |       |       |     2 |       |       |       |       |       ||     2
       Summon Forest     |       |       |       |       |    12 |    34 |    20 |    18 |     1 ||    85
       Lesser Beckoning  |       |       |       |       |     1 |     2 |     1 |       |       ||     4
       Shadow Creatures  |       |       |       |       |       |    49 |    56 |    74 |    24 ||   203
       Summon Mana Viper |       |       |       |       |       |       |     4 |     7 |       ||    11
       Malign Gateway    |       |       |       |       |       |       |       |     6 |     1 ||     7
Invok: Heroism           |       |       |       |     3 |     8 |     5 |     3 |     2 |     1 ||    22
       Finesse           |       |       |       |       |       |       |     1 |       |       ||     1
 Abil: Hop               |     1 |     3 |     5 |     5 |     2 |     5 |     3 |     2 |     1 ||    27
Evoke: Wand              |       |       |     6 |       |     2 |     1 |       |       |       ||     9
       Condenser vane    |       |       |       |       |       |     3 |     1 |     4 |     1 ||     9
       Tin of tremorston |       |       |       |       |       |     2 |       |       |       ||     2
  Use: Scroll            |     4 |     1 |     8 |    11 |    11 |     4 |     6 |    10 |     5 ||    60
       Potion            |       |     2 |     1 |     5 |       |     4 |     3 |     2 |     2 ||    19
 Stab: Sleeping          |     1 |     2 |     7 |     4 |     5 |     5 |       |       |       ||    24
       Distracted        |       |       |     4 |     8 |    16 |    25 |    10 |    13 |     2 ||    78
       Petrifying        |       |       |       |       |     2 |       |       |       |       ||     2
       Confused          |       |       |       |       |       |     1 |     1 |     2 |       ||     4
       Held in net/web   |       |       |       |       |       |     1 |       |       |       ||     1
       Paralysed         |       |       |       |       |       |       |       |     2 |       ||     2
Armor: Ring mail         |    74 |    84 |    85 |       |       |       |       |       |       ||   243
       Leather armour    |       |       |    27 |   292 |   260 |   162 |       |       |       ||   741
       Plate armour      |       |       |       |       |       |   388 |    41 |       |       ||   429
       Chain mail        |       |       |       |       |       |       |   446 |   533 |   158 ||  1137
Dodge: Dodged            |    93 |   118 |   223 |   470 |   451 |   484 |   415 |   445 |   133 ||  2832
Block: Buckler           |       |       |       |     8 |   147 |   291 |   177 |   296 |       ||   919
       Reflection        |       |       |       |       |       |    24 |       |    12 |       ||    36
       Kite shield       |       |       |       |       |       |       |       |   161 |       ||   161
       Other             |       |       |       |       |       |       |       |    27 |    67 ||    94

Table legend: (Time is in decaauts)
 A = Elapsed time spent in this place.
 B = Non-inter-level travel time spent in this place.
 C = Inter-level travel time spent in this place.
 D = Time resting spent in this place.
 E = Time spent auto-exploring this place.
 F = Levels seen in this place.
 G = Mean time per level.
                   A        B        C        D        E       F      G
               +--------+--------+--------+--------+--------+-----+--------+
         Total |  87668 |  75910 |  11758 |  17640 |  44223 |  51 | 1719.0 |
       Dungeon |  28228 |  23538 |   4690 |   6554 |  13356 |  15 | 1881.9 |
        Temple |    109 |     61 |     48 |      0 |      0 |   1 |  109.0 |
          Lair |  12665 |  10860 |   1805 |   2381 |   6851 |   6 | 2110.8 |
        Shoals |   7489 |   6599 |    890 |   1424 |   4078 |   4 | 1872.2 |
   Spider Nest |   5503 |   5214 |    289 |   1198 |   2920 |   4 | 1375.8 |
  Orcish Mines |   2973 |   2040 |    933 |    310 |   1244 |   2 | 1486.5 |
   Elven Halls |   5808 |   5027 |    781 |    908 |   3150 |   3 | 1936.0 |
        Vaults |   8708 |   7674 |   1034 |   1359 |   5010 |   5 | 1741.6 |
         Crypt |   3393 |   3195 |    198 |    543 |   1842 |   3 | 1131.0 |
        Depths |   8424 |   7337 |   1087 |    594 |   4883 |   5 | 1684.8 |
         Sewer |    731 |    731 |      0 |    258 |    217 |   1 |  731.0 |
        Bailey |   3056 |   3056 |      0 |   2094 |    363 |   1 | 3056.0 |
      Gauntlet |    576 |    576 |      0 |     13 |    304 |   1 |  576.0 |
               +--------+--------+--------+--------+--------+-----+--------+

Top non-repeatable levels by time:
    D:10: 3402 daAuts
  Bailey: 3056 daAuts
Shoals:4: 2790 daAuts
  Lair:2: 2674 daAuts
  Lair:1: 2626 daAuts
    D:12: 2548 daAuts
Vaults:2: 2412 daAuts
Vaults:1: 2348 daAuts
    D:11: 2341 daAuts
   Elf:3: 2265 daAuts
     D:3: 2257 daAuts
     D:9: 2090 daAuts
Depths:3: 2060 daAuts
Vaults:3: 2059 daAuts
    D:15: 1994 daAuts
